 Dungeon Crawl Stone Soup version 0.19.5 (webtiles) character file.

1184 Gargoyl the Chopper (level 8, -1/67 HPs)
             Began as a Ghoul Abyssal Knight on Apr 30, 2017.
             Was a Believer of Lugonu.
             Slain by Edmund
             ... wielding a +3 dire flail of protection
              (6 damage)
             ... on level 5 of the Dungeon.
             The game lasted 00:06:48 (3698 turns).

Gargoyl the Chopper (Ghoul Abyssal Knight)          Turns: 3698, Time: 00:06:49

Health: -1/67      AC: 10    Str: 16    XL:     8   Next: 42%
Magic:  10/10      EV:  7    Int:  7    God:    Lugonu [**....]
Gold:   226        SH:  0    Dex: 10    Spells: 0 memorised, 7 levels left

rFire  . . .     SeeInvis .     a - +4 hand axe
rCold  + . .     Gourm    .     d - +1 chain mail
rNeg   + + +     Faith    .     (no shield)
rPois  ∞         Spirit   .     (no helmet)
rElec  .         Reflect  .     (no cloak)
rCorr  .         Harm     .     (no gloves)
MR     .....                    (no boots)
Stlth  ..........               (no amulet)
                                (no ring)
                                (no ring)

@: rotting, slowed, very slow
A: rotting body, claws 1, carnivore 3, cold resistance 1, negative energy
resistance 3, slow regeneration 1, torment resistance, unbreathing
a: Depart the Abyss, Bend Space, Renounce Religion


You were on level 5 of the Dungeon.
You worshipped Lugonu.
Lugonu was pleased with you.
You were not hungry.

You visited 1 branch of the dungeon, and saw 5 of its levels.
You visited the Abyss 1 time.

You collected 226 gold pieces.

Inventory:

Hand Weapons
 a - a +4 hand axe (weapon)
Armour
 b - a +0 leather armour
 d - a +1 chain mail (worn)
Jewellery
 p - an uncursed amulet of regeneration {unknown}
Wands
 n - a wand of flame (20/48)
Scrolls
 e - 2 scrolls of fog
 g - 2 scrolls of remove curse
 h - a scroll of identify
Potions
 f - 3 potions of brilliance
 i - a potion of lignification
 j - 2 potions of berserk rage
 l - a potion of flight
Comestibles
 c - 3 meat rations
 k - a beef jerky


   Skills:
 + Level 4.9 Fighting
 + Level 5.5 Axes
 * Level 5.3 Armour
 + Level 2.0 Dodging
 * Level 4.5 Invocations


You had 7 spell levels left.
You didn't know any spells.

Dungeon Overview and Level Annotations

Branches:
Dungeon (5/15)             Temple (0/1) D:5

Altars:
Dithmenos
Elyvilon
Kikubaaqudgha
Nemelex Xobeh
Qazlal
Ru
Sif Muna
Vehumet
Xom
Yredelemnul

Annotations:
D:5 Edmund


Innate Abilities, Weirdness & Mutations

Your body is rotting away.
You thrive on raw meat.
You are immune to poison.
You have sharp fingernails.
You are carnivorous and can eat meat at any time.
Your flesh is cold resistant. (rC+)
You are immune to negative energy. (rN+++)
You regenerate slowly when monsters are visible.
You are immune to unholy pain and torment.
You can survive without breathing.


Message History

* * * LOW HITPOINT WARNING * * *
Edmund zaps a wand.
You feel as though you will be slow longer.
You hit Edmund.
Edmund is heavily wounded.
Edmund zaps a wand.
You resist with some effort.
Edmund hits you with a dire flail of protection.
* * * LOW HITPOINT WARNING * * *
You hit Edmund but do no damage.
Edmund is heavily wounded.
Edmund barely misses you.
You hit Edmund.
Edmund is heavily wounded.
Edmund completely misses you.
Edmund hits you with a dire flail of protection.
* * * LOW HITPOINT WARNING * * *
You hit Edmund but do no damage.
Edmund is heavily wounded.
Edmund hits you with a dire flail of protection.
You die...

..##.##.###.#.#.#.#.#..###.....#.
(..............................#.
..##.#..###.#.#.###.##.#..#....#(
..##.##.#.....#.###.##.#..#......
####.##w#.#.###.............#....
#......#.#....##.##.#..###...#
#w##.###.###..##.##.#..####.##
#.##.........@##.............#
#w#######.###@####...####.....
#..# #.....####.#..........
***##.## #####........####.....
,,,#...# ########.##.......
,>,#.⌠.# ###.##....... .,,#...#
#...##.%..... #.*##.##
#.####....... ..§#§..# #.#
#....... .⌠§§.⌠.# #.# #.......


You could see Edmund.

Vanquished Creatures
  Pikel (D:5)
  A phantom (D:4)
  A water moccasin zombie (D:5)
  A bullfrog (D:5)
  A scorpion (D:4)
  2 howler monkeys
  2 centaur zombies (D:5)
  A hound (D:5)
  A centaur skeleton (D:5)
  An orc priest (D:4)
  2 orc wizards (D:5)
  A bullfrog skeleton (D:4)
  A hound skeleton (D:5)
  A gnoll (D:1)
  A worker ant zombie (D:5)
  4 adders
  3 oozes
  An adder zombie (D:5)
  A worm (D:2)
  A dart slug (D:5)
  2 leopard geckos
  5 orcs
  7 giant cockroaches
  3 goblins
  8 hobgoblins
  2 jackals (D:1)
  2 kobolds
  3 quokkas
  3 bats
  6 frilled lizards
  9 rats
78 creatures vanquished.

Vanquished Creatures (others)
  A scorpion (D:5)
  A worker ant zombie (D:5)
2 creatures vanquished.

Grand Total: 80 creatures vanquished

Notes
Turn   | Place    | Note
-------+----------+-------------------------------------------
     0 | Abyss:1  | Gargoyl the Ghoul Abyssal Knight began the quest for the Orb.
     0 | Abyss:1  | Reached XP level 1. HP: 19/19 MP: 1/1
    26 | Abyss:2  | Noticed a smoke demon
    27 | D:1      | Escaped the Abyss
   116 | D:1      | Reached XP level 2. HP: 24/26 MP: 2/2
   120 | D:1      | Reached * piety under Lugonu
   488 | D:1      | Reached XP level 3. HP: 24/33 MP: 3/3
   907 | D:2      | Found a sparkling altar of Nemelex Xobeh.
  1304 | D:2      | Reached skill level 1 in Dodging
  1350 | D:2      | Reached XP level 4. HP: 37/40 MP: 4/4
  1865 | D:3      | Found a sacrificial altar of Ru.
  1900 | D:3      | Reached ** piety under Lugonu
  1993 | D:3      | Found a white marble altar of Elyvilon.
  2145 | D:3      | Found a radiant altar of Vehumet.
  2295 | D:4      | Noticed a phantom
  2309 | D:4      | Reached XP level 5. HP: 29/46 MP: 6/6
  2326 | D:4      | Killed a phantom
  2442 | D:4      | Found a stormy altar of Qazlal.
  2473 | D:4      | Reached XP level 6. HP: 51/53 MP: 7/7
  2863 | D:5      | Entered Level 5 of the Dungeon
  2954 | D:5      | Reached XP level 7. HP: 58/60 MP: 8/8
  3040 | D:5      | Found a shimmering altar of Xom.
  3041 | D:5      | Found a basalt altar of Yredelemnul.
  3044 | D:5      | Found an ancient bone altar of Kikubaaqudgha.
  3044 | D:5      | Found a deep blue altar of Sif Muna.
  3104 | D:5      | Noticed Pikel
  3143 | D:5      | Killed Pikel
  3143 | D:5      | Reached skill level 5 in Axes
  3143 | D:5      | Reached skill level 5 in Armour
  3143 | D:5      | Reached XP level 8. HP: 18/67 MP: 8/10
  3167 | D:5      | Found a shadowy altar of Dithmenos.
  3614 | D:5      | Noticed Edmund
  3698 | D:5      | Slain by Edmund

Skill      XL: |  1  2  3  4  5  6  7 |
---------------+----------------------+-----
Armour         | 2 3 4 5 |  5.3
Axes           | 2 3 4 5 |  5.5
Fighting       | 4 |  4.9
Dodging        | 1 2 |  2.0
Invocations    | 3 4 |  4.5

Action                   |  1- 3 |  4- 6 |  7- 9 || total
-------------------------+-------+-------+-------++-------
Melee: Hand axe          |    77 |   125 |   133 ||   335
Invok: Depart the Abyss  |     1 |       |       ||     1
       Bend Space        |       |       |     1 ||     1
  Use: Scroll            |     3 |     9 |     6 ||    18
       Potion            |       |       |     2 ||     2
  Eat: Chunk             |     9 |     9 |    20 ||    38
Armor: Chain mail        |    58 |    59 |    72 ||   189
Dodge: Dodged            |    31 |    66 |    50 ||   147
